 Dungeon Crawl Stone Soup version 0.25-a0-507-gf66f01b (webtiles) character file.

Game seed: 6117492172718712620, levelgen mode: deterministic

24 15 the Charmwright (level 3, 25/27 HPs)
             Began as a Merfolk Skald on Feb 14, 2020.
             Quit the game on level 1 of the Dungeon.
             The game lasted 00:02:44 (604 turns).

15 the Charmwright (Merfolk Skald)                   Turns: 604, Time: 00:02:44

Health: 25/27      AC:  3    Str: 12    XL:     3   Next: 2%
Magic:  6/6        EV: 12    Int: 12    God:
Gold:   50         SH:  0    Dex: 13    Spells: 1/6 levels left

rFire    . . .     SeeInvis .   a - +0 spear
rCold    . . .     Gourm    .   (no shield)
rNeg     . . .     Faith    .   b - +0 leather armour
rPois    .         Spirit   .   (no helmet)
rElec    .         Reflect  .   (no cloak)
rCorr    .         Harm     .   (no gloves)
MR       .....                  (no boots)
Stlth    +.........             (no amulet)
HPRegen  0.09/turn              (no ring)
MPRegen  0.10/turn              (no ring)

@: no status effects
A: change form in water, swift swim, stealthy swim
a: no special abilities


You were on level 1 of the Dungeon.
You were not hungry.

You visited 1 branch of the dungeon, and saw 1 of its levels.

You collected 50 gold pieces.

Inventory:

Hand Weapons
 a - a +0 spear (weapon)
Armour
 b - a +0 leather armour (worn)
Scrolls
 f - a scroll of remove curse {unknown}
 g - a scroll of amnesia {unknown}
Potions
 e - 2 potions of magic {unknown}
 h - a potion of degeneration {unknown}
Comestibles
 c - 3 chunks of flesh
 d - 3 rations


   Skills:
 + Level 2.2 Fighting
 + Level 3.2 Polearms
 + Level 1.0 Armour
 + Level 2.7 Dodging
 + Level 2.2 Spellcasting
 + Level 3.8 Charms


You had one spell level left.
You knew the following spells:

 Your Spells              Type           Power        Failure   Level  Hunger
a - Infusion              Chrm           ##..         7%          1    ##.....
b - Shroud of Golubria    Chrm/Tloc      #.....       22%         2    ###....
c - Song of Slaying       Chrm           ##......     11%         2    ###....

Your spell library contained the following spells:

 Spells                   Type           Power        Failure   Level  Hunger
 Ozocubu's Armour         Chrm/Ice       #.......     41%         3    ####...
 Spectral Weapon          Hex/Chrm       #.......     41%         3    ####...


Dungeon Overview and Level Annotations

Branches:
Dungeon (1/15)

Altars:


Message History

d - 3 rations (gained 1)
h - a silvery potion A frilled lizard comes into view.
The frilled lizard hisses angrily.
Attack whom?
Press: ? - help, Dir - move target cursor, f - frilled lizard
Aim: a frilled lizard You reach to attack!
You closely miss the frilled lizard. You miss the frilled lizard.
The frilled lizard bites you.
You closely miss the frilled lizard. The frilled lizard bites you.
You barely miss the frilled lizard. The frilled lizard barely misses you.
You hit the frilled lizard.
You kill the frilled lizard!
No target in view!
No target in view!
You see here a frilled lizard corpse.
You butcher the frilled lizard corpse.
c - 3 chunks of flesh (gained 1)
You see here a frilled lizard skeleton.
Are you sure you want to abandon this character and quit the game? (Confirm with "yes".)

..... ###.##.#
....> ....... ....
#.##+# ..####.....
#.##....... ####
#.##.##.... #..
#....##....
#.######..........
#@#....#.####.....
#.#.##.#.# #.....
#....#.#.# #.....
###......# ######
#......# ####
##......# #.[.
#...^...# #...
#.#...### #...
#.##.## #...


There were no monsters in sight!

Vanquished Creatures
  A dart slug (D:1)
  2 bats (D:1)
  2 goblins (D:1)
  5 hobgoblins (D:1)
  3 kobolds (D:1)
  5 frilled lizards (D:1)
  4 rats (D:1)
22 creatures vanquished.

Notes
Turn   | Place    | Note
-------+----------+-------------------------------------------
     0 | D:1      | 15 the Merfolk Skald began the quest for the Orb.
     0 | D:1      | Reached XP level 1. HP: 16/16 MP: 3/3
   106 | D:1      | Reached XP level 2. HP: 20/22 MP: 0/5
   192 | D:1      | Learned a level 2 spell: Shroud of Golubria
   326 | D:1      | Learned a level 2 spell: Song of Slaying
   330 | D:1      | Reached skill level 1 in Armour
   485 | D:1      | Reached XP level 3. HP: 24/27 MP: 6/6
   604 | D:1      | Quit the game

Levels and vault maps discovered:
D:1:      onia_arrival_mini_maze_b, layout_basic

Skill      XL: |  1  2 |
---------------+-------+-----
Armour         | 1 |  1.0
Fighting       | |  2.2
Polearms       | |  3.2
Dodging        | |  2.7
Spellcasting   | |  2.2
Charms         | |  3.8

Action                   || total
-------------------------++-------
Melee: Spear             ||    83
 Cast: Infusion          ||     4
Armor: Leather armour    ||    12
Dodge: Dodged            ||    34

Table legend:
 A = Non-vault XP
 B = Vault XP
 C = Vault XP percentage of total XP
 D = Non-vault monster count
 E = Vault monster count
 F = Vault count percentage of total count
                 A         B        C        D         E       F
            +---------+---------+-------+---------+---------+-------
      Total |      35 |       0 |   0.0 |      22 |       0 |   0.0
            +---------+---------+-------+---------+---------+-------
        D:1 |      35 |       0 |   0.0 |      22 |       0 |   0.0
            +---------+---------+-------+---------+---------+-------
